 Dungeon Crawl Stone Soup version 0.31-a0-263-ge8cad7f256 (webtiles) character file.

Game seed: 5544368306724510665

4 qw the Vexing (level 1, -2/12 HPs)
             Began as a Gargoyle Hexslinger on July 13, 2023.
             Slain by a jackal (3 damage)
             ... on level 1 of the Dungeon.
             The game lasted 00:00:02 (77 turns).

qw the Vexing (Gargoyle Hexslinger)                   Turns: 77, Time: 00:00:03

Health: -2/12      AC:  4    Str: 11    XL:     1   Next: 60%
Magic:  2/2        EV: 12    Int: 13    God:
Gold:   9          SH:  0    Dex: 12    Spells: 1/2 levels left

rFire   . . .        a - +1 sling
rCold   . . .        (no shield)
rNeg    + . .        c - +0 robe
rPois   inf          (no helmet)
rElec   +            (no cloak)
rCorr   .            (no gloves)
SInv    .            (no boots)
Will    .....        (no amulet)
Stlth   +            (no ring)
HPRegen 0.22/turn    (no ring)
MPRegen 0.08/turn

%: no passive effects
@: no status effects
A: sickness immunity, AC +2, negative energy resistance 1, electricity
resistance, torment resistance 1, petrification resistance
a: no special abilities


You were on level 1 of the Dungeon.
You visited 1 branch of the dungeon, and saw 1 of its levels.

You collected 9 gold pieces.


Innate Abilities, Weirdness & Mutations

You are immune to sickness and miasma.
Your stone body is resilient. (AC +2)
You are immune to poison.
You resist negative energy. (rN+)
You are resistant to electric shocks. (rElec)
You are resistant to unholy torment.
You are immune to petrification.


   Skills:
 - Level 1.1 Fighting
 + Level 2.4 Ranged Weapons
 - Level 1.5 Dodging
 - Level 1.0 Spellcasting
 - Level 2.6 Hexes


You had one spell level left.
You knew the following spells:

 Your Spells              Type           Power      Damage    Failure   Level
a - Slow                  Hex            28%        N/A       10%         1

Your spell library contained the following spells:

 Spells                   Type           Power      Damage    Failure   Level
 Inner Flame              Hex/Fire       4%         N/A       43%         3
 Portal Projectile        Hex/Tloc       8%         N/A       43%         3
 Cause Fear               Hex            3%         N/A       67%         4

Inventory:

Hand Weapons
 a - a +1 sling (weapon)
Armour
 c - a +0 robe (worn)
Scrolls
 b - a scroll of poison
Potions
 d - a potion of curing {unknown}

Dungeon Overview and Level Annotations

Branches:
Dungeon (1/15)

Altars:


Message History

The hobgoblin barely misses you. The goblin hits you with a +0 dagger.
You shoot a sling bullet.
The sling bullet closely misses the goblin.
The hobgoblin barely misses you. The goblin completely misses you.
You shoot a sling bullet. The sling bullet hits the goblin.
The goblin is severely wounded.
The hobgoblin hits you but does no damage.
The goblin hits you with a +0 dagger. The jackal closely misses you.
You shoot a sling bullet.
The sling bullet barely misses the goblin.
The sling bullet hits the jackal but does no damage.
The jackal barely misses you. The hobgoblin hits you.
The goblin hits you but does no damage. The goblin closely misses you.
The jackal barely misses you.
The hobgoblin hits you but does no damage.
You shoot a sling bullet.
The sling bullet barely misses the goblin.
The sling bullet barely misses the jackal.
The jackal bites you but does no damage.
The hobgoblin closely misses you. The goblin closely misses you.
The jackal bites you.
You shoot a sling bullet. The sling bullet hits the goblin.
You kill the goblin!
The hobgoblin barely misses you. The jackal bites you.
The jackal closely misses you.
You shoot a sling bullet.
The sling bullet barely misses the jackal.
The jackal barely misses you. The hobgoblin barely misses you.
The jackal barely misses you.
The jackal bites you but does no damage.
The hobgoblin hits you.
You shoot a sling bullet.
The sling bullet barely misses the jackal.
The jackal barely misses you. The jackal bites you.
The jackal barely misses you. The jackal bites you.
The hobgoblin closely misses you.
You shoot a sling bullet. The sling bullet hits the jackal.
You kill the jackal!
The jackal barely misses you. The hobgoblin hits you. The jackal bites you.
You die...

#.PPPP#.##.....###
####'###.##..##.#
#........##).##.#
#...#######..##.#
#...# #..##.#
#...# #..##.#
##.## #.....# #.#
.... .. #@# .#.#
#wghh......
#.......####
#.)####.# #.. .#
... . .#. # ..#.


You could see a dart slug, 2 jackals and a hobgoblin.

Vanquished Creatures
  2 goblins (D:1)
  A hobgoblin (D:1)
  A jackal (D:1)
4 creatures vanquished.

Notes
Turn   | Place    | Note
-------+----------+-------------------------------------------
     0 | D:1      | qw the Gargoyle Hexslinger began the quest for the Orb.
     0 | D:1      | Reached XP level 1. HP: 12/12 MP: 2/2
     0 | D:1      | 0 ||| qw: Version: 0.3-a-52-g30416fa
     0 | D:1      | 0 ||| qw: Game counter: 7214
     0 | D:1      | 0 ||| qw: Melee chars always use a shield: true
     0 | D:1      | 0 ||| qw: God list: Okawaru
     0 | D:1      | 0 ||| qw: Allow faded altars: false
     0 | D:1      | 0 ||| qw: Do Orc after clearing Dungeon:15 true
     0 | D:1      | 0 ||| qw: Do second Lair branch before Depths: true
     0 | D:1      | 0 ||| qw: Lair rune preference: random
     0 | D:1      | 0 ||| qw: Goals: Normal
     0 | D:1      | 0 ||| PLANNING D:1-11
    56 | D:1      | Found a faded altar of an unknown god.
    76 | D:1      | HP: 2/12 [jackal (3)]
    77 | D:1      | Slain by a jackal

Levels and vault maps discovered:
D:1:      heliophobic_arrival_battle_scene, layout_loops_cross,
          shapermc_ecumenical_altar_flowoftime, hex_medium,
          hangedman_decor_clover_reticule

Action                     || total
---------------------------++-------
   Fire: Sling             ||    16
 Armour: Robe              ||     5
  Dodge: Dodged            ||    19

Table legend:
 A = Non-vault XP
 B = Vault XP
 C = Vault XP percentage of total XP
 D = Non-vault monster count
 E = Vault monster count
 F = Vault count percentage of total count
                 A         B        C        D         E       F
            +---------+---------+-------+---------+---------+-------
      Total |       8 |       0 |   0.0 |       4 |       0 |   0.0
            +---------+---------+-------+---------+---------+-------
        D:1 |       8 |       0 |   0.0 |       4 |       0 |   0.0
            +---------+---------+-------+---------+---------+-------
